FIQ, neutral male gnomish Wizard ---------- |.........################################# |........| --- ---- ------ ---- ----- |........| |.+ |..| +....+ |..| +...| |......<.| |.| |.. |....| |.. |...| |........| |.----|-----....----|--+-----...| -----.---- |................................ # ##..-|-----+--.......--|----|--...| ### # |.|..| |......{|....|...|...| # # ### |.|..| |.......|....|%.!|....# ` ---|-------- # |.----+-----.......|.._.|!%!|...|*# |...........##### |.............{....|....|%%.|...| ## |..........| |.------+--------.----------|...| # |........... |.|.?%[| |(((.|.| |(((.|...|### |..........| |.-.?)?| |(](.-.+ |(.(.-...|# ------------ |.|.)%%| |(((.|.| |(.((|I.I|# |.---------------.-----------.I.-# |............................I..| --------------------------------- FIQ the Thaumaturge Experience level: 6 Strength: 6 Dexterity: 18 Constitution: 16 Intelligence: 16 Wisdom: 10 Charisma: 10 Health: 0(64) Energy: 29(29) Def: 1 Gold: 17 Moves: 2437 Dungeon seed: JAHIw6wTUiob8Moy Game ID: FIQ_1469364763 Your Inventory: Coins $ - 17 gold pieces Weapons B - a blessed +0 orcish dagger (weapon in hand) Armor e - an uncursed +0 cloak of magic resistance (being worn) Comestibles D - 2 uncursed tripe rations Scrolls i - an uncursed scroll of enchant weapon j - an uncursed scroll of enchant armor k - an uncursed scroll of identify s - an uncursed scroll of earth z - a blessed scroll of light C - an uncursed scroll of teleportation Spellbooks l - a blessed spellbook of force bolt m - an uncursed spellbook of sleep y - an uncursed spellbook of haste self Potions f - an uncursed potion of confusion g - an uncursed potion of see invisible h - an uncursed potion of monster detection r - an uncursed potion of extra healing Rings c - an uncursed ring of polymorph d - an uncursed ring of warning t - an uncursed ring of aggravate monster x - a cursed -1 ring of gain strength Wands b - a wand of striking (0:7) Spells and supernatural/magical abilities: Name Level Category Fail Memory a - force bolt 1 attack 0% 88% z - sleep 1 enchantment 0% 88% H - haste self 3 escape 91% 95% W - pray for help -- divine ? -- Your skills at the end: Fighting Skills wands [Basic] Weapon Skills quarterstaff [Basic] Spellcasting Skills attack spells [Basic] enchantment spells [Basic] Final Attributes: You were piously aligned. You were magic-protected. You were blinded. You had infravision. You are dead. Vanquished creatures: 2 quivering blobs a brown pudding a dust vortex a soldier ant a fire ant an imp 2 rock moles a fog cloud a yellow light a guardian naga hatchling a ghoul 2 giant ants a little dog a kitten a kobold lord a kobold shaman 2 werejackals 2 coyotes a gas spore 2 hobbits a cave spider a yellow mold 5 garter snakes 3 gnome zombies 3 geckos 9 jackals a fox 2 kobolds 5 goblins a sewer rat 2 grid bugs 3 lichens a kobold zombie 2 newts 65 creatures vanquished. Voluntary challenges: You used a wielded weapon 19 times, starting on turn 574. You read items or engraved 24 times, starting on turn 1233. You never genocided any monsters. You never polymorphed an object. You changed form 15 times, starting on turn 115. You used no wishes. You never split a pudding. You wrote Elbereth's name 14 times, starting on turn 1233. You never violated your personal moral code. Dungeon overview: The Dungeons of Doom: levels 1 to 3 Level 1 a long staircase Level 2 Level 3 stairs to The Gnomish Mines The Gnomish Mines: levels 4 to 7 Level 4 stairs to The Dungeons of Doom Level 5 Level 6 Level 7 <- You were here many shops, a temple to Ptah, some fountains History has recorded: On T:1 you entered the Dungeons of Doom to retrieve the Amulet of Yendor! On T:201 you reached level 2 of The Dungeons of Doom. On T:634 you advanced to experience level 2. On T:707 you reached level 3 of The Dungeons of Doom. On T:941 you advanced to experience level 3. On T:974 you reached level 1 of The Gnomish Mines. On T:1063 you reached level 2 of The Gnomish Mines. On T:1139 you reached level 3 of The Gnomish Mines. On T:1152 you advanced to experience level 3. On T:1347 you advanced to experience level 5. On T:1426 you reached level 4 of The Gnomish Mines. On T:2040 you advanced to experience level 6. Score breakdown: Gold: 17 ( 4270 points) Experience: 6 levels (12456 points) Exploration: 7 levels ( 14.58%) (10718 points) Discoveries: 3 items ( 1.03%) ( 3051 points) Valuables value: (no points given unless you survive) Artifact value: 0 ( 0 points) Variety of kills: 34 monsters ( 8.88%) ( 8938 points) Turncount: 2437 turns ( -292 points) Survival: died (score multiplied by 80%) Total score: 31312 Latest messages: It engulfs you! You hit the dust vortex. You get expelled! It bites! It engulfs you! You hit the dust vortex. (5x) You get expelled! It bites! It engulfs you! You hit the dust vortex. (3x) You get expelled! Wait! There's something there you can't see! It engulfs you! You hit the dust vortex. (3x) You get expelled! It engulfs you! You hit the dust vortex. You destroy the dust vortex! It bites! (3x) It stings! It bites! You die... Final status: Goodbye FIQ the Wizard, killed by a soldier ant... You died in The Gnomish Mines on dungeon level 7 with 31312 points, and 17 pieces of gold, after 2437 moves. You were level 6 with a maximum of 64 hit points when you died.